 Dungeon Crawl Stone Soup version 0.24.1-4-ge52af88ad5 (webtiles) character file.

Game seed: 13324334817715682390, levelgen mode: deterministic

59 Descartes the Ducker (level 3, -1/17 HPs)
             Began as a Felid Monk on Apr 12, 2020.
             Slain by an orc
             ... wielding a +0 flail
              (4 damage)
             ... on level 2 of the Dungeon.
             The game lasted 00:02:18 (1227 turns).

Descartes the Ducker (Felid Monk)                   Turns: 1227, Time: 00:02:18

Health: -1/17      AC:  1    Str:  8    XL:     3   Next: 78%
Magic:  4/4        EV: 20    Int: 11    God:
Gold:   50         SH:  0    Dex: 18    Spells: 2/2 levels left
                                        Lives:  0   Deaths: 1

rFire    . . .     SeeInvis +     - Unarmed
rCold    . . .     Gourm    .   (shield unavailable)
rNeg     . . .     Faith    .   (armour unavailable)
rPois    .         Spirit   .   (helmet unavailable)
rElec    .         Reflect  .   (cloak unavailable)
rCorr    .         Harm     .   (gloves unavailable)
MR       .....                  (boots unavailable)
Stlth    ++........             (no amulet)
HPRegen  0.05/turn              (no ring)
MPRegen  0.09/turn              (no ring)

@: lethally poisoned (-1 -> -8), very slow
A: very small, no armour, no weapons or thrown items, stealth, claws 1, fangs 3,
see invisible, carnivore, speed 1, shaggy fur 1, slow metabolism 1, sharp paws
a: no special abilities


You were on level 2 of the Dungeon.
You were very full.

You visited 1 branch of the dungeon, and saw 2 of its levels.

You collected 50 gold pieces.

Inventory:

Scrolls
 b - 3 scrolls of teleportation {unknown}
 d - a scroll of blinking {unknown}
 f - a scroll of remove curse {unknown}
 g - a scroll of immolation {unknown}
 k - 2 scrolls of amnesia {unknown}
Potions
 c - a potion of lignification {unknown}
 h - a potion of might
 j - a potion of mutation {unknown}
Comestibles
 a - 3 rations


   Skills:
 + Level 3.4 Fighting
 + Level 4.6 Dodging
 * Level 4.5 Stealth
 * Level 3.9 Unarmed Combat


You had 2 spell levels left.
You didn't know any spells.
Your spell library was empty.

Dungeon Overview and Level Annotations

Branches:
Dungeon (2/15)

Altars:


Innate Abilities, Weirdness & Mutations

You cannot wear armour.
You are incapable of wielding weapons or throwing items.
Your paws allow you to move quietly. (Stealth)
You have sharp claws.
You have razor-sharp teeth.
You have supernaturally acute eyesight. (SInv)
You are carnivorous and can eat meat at any time.
You cover ground quickly.
You are covered in fur. (AC +1)
You have a slow metabolism.
Your sharp claws are effective at attacking unaware monsters.


Message History

Your unstable footing causes you to fumble your attack.
* * * LOW HITPOINT WARNING * * *
You feel sick. The adder closely misses you. The orc closely misses you.
The adder misses you.
You miss the adder. The adder misses you. The orc misses you.
You scratch the adder.
The adder is lightly wounded.
* * * LOW HITPOINT WARNING * * *
You feel sick. The adder closely misses you.
You scratch the adder. You bite the adder.
The adder is heavily wounded.
The orc completely misses you. The adder completely misses you.
You closely miss the adder.
The adder is heavily wounded.
The adder barely misses you. The orc misses you.
You miss the adder.
The adder is heavily wounded.
* * * LOW HITPOINT WARNING * * *
You feel sick. The adder closely misses you. The orc hits you with a +0 flail.
You die...

#...♣...#..#...#.......#
##....P.#..............#
#P..P.♣♣....###........#
#...≈≈.......#..#......#
#.≈≈≈≈≈.................
#♣♣♣≈≈≈♣..##..)........# .
♣≈≈♣≈.......#...#.###
#..≈♣≈≈≈♣(...........# #
#..P.^..≈@S............# #
###.P..≈≈Po...........(.#.
#.......................
#.#...P.......<.........
#...P..#.#..##..........
###..###.......... .....
##. ............ ..... ##
#..#....#.........
######.s#o.............


You could see an adder and an orc.

Vanquished Creatures
  2 orc priests (D:2)
  An adder (D:2)
  2 worms (D:2)
  2 leopard geckos (D:2)
  2 orcs (D:2)
  2 ball pythons (D:2)
  2 giant cockroaches
  3 goblins
  A quokka (D:2)
  3 bats
  A frilled lizard (D:2)
  A kobold (D:2)
  4 rats
26 creatures vanquished.

Notes
Turn   | Place    | Note
-------+----------+-------------------------------------------
     0 | D:1      | Descartes the Felid Monk began the quest for the Orb.
     0 | D:1      | Reached XP level 1. HP: 10/10 MP: 2/2
   846 | D:2      | Reached XP level 2. HP: 14/14 MP: 3/3
  1137 | D:2      | Reached XP level 3. HP: 10/17 MP: 4/4
  1166 | D:2      | Reached XP level 4. HP: 3/21 MP: 5/5
  1167 | D:2      | Killed from afar by an orc priest
  1168 | D:2      | Reached XP level 3. HP: -6/17 MP: 4/4
  1227 | D:2      | Slain by an orc

Levels and vault maps discovered:
D:1:      roderic_chinese_lattice_arrival, layout_basic, serial_bayou_lake_a
D:2:      layout_rooms, serial_bayou_pond_a

Skill      XL: |  1  2  3 |
---------------+----------+-----
Stealth        | 3 4 |  4.5
Fighting       | |  3.4
Dodging        | |  4.6
Unarmed Combat | |  3.9

Action                   |  1- 3 |  4- 6 || total
-------------------------+-------+-------++-------
Melee: Unarmed           |    69 |     1 ||    70
       Bite              |     8 |       ||     8
  Use: Potion            |     3 |       ||     3
 Stab: Sleeping          |     3 |       ||     3
  Eat: Chunk             |    12 |       ||    12
Armor: Skin              |     3 |       ||     3
Dodge: Dodged            |    64 |       ||    64
